 Dungeon Crawl Stone Soup version 0.30.1-9-gdf580d7c3d (webtiles) character file.

Game seed: 11765567786590277442

91 Dillybarz the Trooper (level 4, -2/41 HPs)
             Began as a Minotaur Fighter on Oct 20, 2023.
             Slain by a jelly (3 damage)
             ... on level 3 of the Dungeon.
             The game lasted 00:10:51 (2085 turns).

Dillybarz the Trooper (Minotaur Fighter)            Turns: 2085, Time: 00:10:52

Health: -2/41      AC: -4    Str: 23    XL:     4   Next: 34%
Magic:  3/3        EV:  9    Int:  5    God:
Gold:   175        SH:  4    Dex:  9    Spells: 3/3 levels left

rFire   . . .        a - +0 war axe (flame)
rCold   . . .        c - +0 buckler
rNeg    . . .        b - +0 scale mail
rPois   .            (helmet restricted)
rElec   .            (no cloak)
rCorr   .            (no gloves)
SInv    .            (no boots)
Will    .....        (no amulet) Stlth
                     (no ring)
HPRegen 0.26/turn    (no ring)
MPRegen 0.08/turn

%: no passive effects
@: corroded
A: horns 2, retaliatory headbutt
a: no special abilities


You were on level 3 of the Dungeon.
You visited 1 branch of the dungeon, and saw 3 of its levels.

You collected 175 gold pieces.

Inventory:

Hand Weapons
 a - a +0 war axe of flaming (weapon)
Missiles
 f - 4 stones
 g - 3 boomerangs
 l - a throwing net (quivered)
Armour
 b - a +0 scale mail (worn)
 c - a +0 buckler (worn)
Scrolls
 e - a scroll of poison {unknown}
 h - 2 scrolls of teleportation
 i - a scroll of fear
Potions
 d - a potion of might
 j - 5 potions of curing


   Skills:
 + Level 4.3 Fighting
 * Level 3.9 Axes
 + Level 4.3 Armour
 + Level 4.3 Shields


You had 3 spell levels left.
You didn't know any spells.
Your spell library was empty.

Dungeon Overview and Level Annotations

Branches:
Dungeon (3/15)

Altars:
Wu Jian

Shops:
D:1 ?


Innate Abilities, Weirdness & Mutations

You have a pair of horns on your head.
You reflexively headbutt those who attack you in melee.


Message History

You slash the bat! You burn the bat.
You kill the bat!
You hit the plant.
The plant begins to die.
You burn the plant.
Found a faded altar of an unknown god.
A nearby plant withers and dies.
The endoplasm hits something.
The endoplasm hits the plant.
The plant begins to die.
Something hits the plant.
A nearby plant withers and dies.
Something hits the plant.
A kobold comes into view.
It is wielding a +0 club and quivering poisoned darts.
Found a book of Dreams.
Found a lajatang.
A jelly comes into view.
The jelly quivers.
The kobold hits you but does no damage.
You closely miss the kobold. The kobold hits you but does no damage.
You barely miss the kobold. You headbutt the kobold.
The kobold is severely wounded.
You slash the jelly! You burn the jelly. The acid corrodes you!
Your hands burn!
The jelly hits you.
You are splashed with acid!
The kobold barely misses you. The jelly hits you. The acid corrodes you!
You are splashed with acid!
You block the kobold's attack.
You hit the jelly but do no damage.
Your hands burn!
The jelly is heavily wounded.
You closely miss the kobold. You block the kobold's attack. The jelly hits you.
You are splashed with acid!
* * * LOW HITPOINT WARNING * * *
You hit the jelly but do no damage. The acid corrodes you!
Your hands burn!
* * * LOW HITPOINT WARNING * * *
The jelly is heavily wounded.
You barely miss the kobold. The kobold hits you with a +0 club.
* * * LOW HITPOINT WARNING * * *
The jelly closely misses you.
You hit the jelly. You burn the jelly.
Your hands burn!
* * * LOW HITPOINT WARNING * * *
The jelly is severely wounded.
You hit the kobold. You burn the kobold.
You kill the kobold!
The jelly closely misses you. The jelly hits you.
You die...

###... ...)#
..... :... #..##
# #... #. #J)#
.###.##.@#
.........# #.#
######
....#...######.#
.....# ###
#........#.#
.....#
######..#####.#.#
.....#
..........# ...
.....#
######..#.#####.#
'#####
#..#.....#.# .#
#........#.###


You could see a jelly.

Vanquished Creatures
  Robin (D:2)
  An adder (D:2)
  A worm (D:2)
  2 dart slugs
  6 endoplasms
  3 giant cockroaches
  10 goblins
  6 hobgoblins
  3 jackals (D:1)
  2 quokkas (D:1)
  6 ball pythons
  8 bats
  4 frilled lizards
  3 kobolds
  2 rats (D:1)
58 creatures vanquished.

Notes
Turn   | Place    | Note
-------+----------+-------------------------------------------
     0 | D:1      | Dillybarz the Minotaur Fighter began the quest for the Orb.
     0 | D:1      | Reached XP level 1. HP: 19/19 MP: 0/0
   148 | D:1      | Found Mehuzaxa's Magic Scroll Boutique.
   154 | D:1      | Reached XP level 2. HP: 27/27 MP: 1/1
   721 | D:1      | Reached XP level 3. HP: 33/33 MP: 2/2
  1182 | D:2      | Identified the +1 helmet of Sunlight {*Corrode rPois rF+
                  | Int+3}
  1182 | D:2      | Noticed Robin
  1205 | D:2      | Killed Robin
  1206 | D:2      | Reached XP level 4. HP: 10/40 MP: 0/3
  1206 | D:2      | HP: 2/40 [goblin/+0 club[Robin] (6)]
  1516 | D:2      | Found an ornate altar of the Wu Jian Council.
  2043 | D:3      | Found a faded altar of an unknown god.
  2085 | D:3      | HP: 1/41 [acid (4)]
  2085 | D:3      | Slain by a jelly

Illustrated notes

Levels and vault maps discovered:
D:1:      minmay_arrival_arboretum_small, layout_basic, serial_shops, shop,
          nicolae_hexahallways
D:2:      layout_basic, basic_altar, minmay_gold_behind_fungi, uniq_robin
D:3:      layout_basic, shapermc_ecumenical_altar_mp_ritualfount

Skill      XL: |  1  2  3 |
---------------+----------+-----
Axes           | 3 |  3.9
Shields        | 4 |  4.3
Armour         | 4 |  4.3
Fighting       | 4 |  4.3

Action                     |  1- 3 |  4- 6 || total
---------------------------+-------+-------++-------
  Melee: War axe           |    90 |    26 ||   116
         Headbutt          |     9 |     3 ||    12
    Use: Scroll            |     8 |     1 ||     9
 Armour: Scale mail        |    54 |    15 ||    69
  Dodge: Dodged            |    45 |    20 ||    65
  Block: Buckler           |    28 |     7 ||    35
